[Event "Titled Tuesday Blitz August 31 2021"]
[White "Maksimovic, Bojan"]
[Black "Bazarov, Konstantin"]
[WhiteFideId "14408120"]
[BlackFideId "4137000"]
[WhiteElo "2439"]
[BlackElo "2122"]
[Result "0-1"]
[Round "11"]
[TimeControl "180+1"]
[Date "2021.08.31"]
[WhiteClock "0:00:03"]
[BlackClock "0:00:07"]

1. Nf3 Nf6 2. Ng1 d6 3. Nf3 c6 4. Ng1 Nbd7 5. Nf3 e5 6. Ng1 d5 7. Nf3 e4 8. Ng1 Bd6 9. d3 Qe7 10. e3 O-O 11. d4 Re8 12. c4 Nf8 13. Nc3 Bf5 14. Bd2 Ng6 15. Nge2 dxc4 16. Ng3 Bg4 17. Be2 Bxe2 18. Qxe2 b5 19. Nf5 Qd7 20. Nxd6 Qxd6 21. h4 h5 22. a3 Qe6 23. Na2 Ng4 24. Ba5 f5 25. g3 Nf6 26. Bb4 Ne7 27. Bc5 Ned5 28. Nb4 g6 29. O-O Nc7 30. Rfc1 a5 31. Nc2 Ncd5 32. Ne1 f4 33. exf4 e3 34. f3 Qh3 35. Qg2 Qf5 36. Qc2 e2 37. Qxf5 gxf5 38. Kf2 Re6 39. Nc2 Rae8 40. Re1 Nd7 41. Rac1 c3 42. b4 a4 43. Na1 N7f6 44. Nc2 Kf7 45. Rg1 Ne3 46. Ne1 Nd1+ 47. Kg2 Re3 48. d5 Nxd5 49. Bxe3 N5xe3+ 50. Kh2 Nc4 51. Nc2 Nf2 52. Nd4 Nd3 53. Rxc3 e1=Q 54. Rxe1 Nxe1 55. Nxc6 Re3 56. Rxe3 Nxe3 57. Nd4 N1c2 58. Nxb5 Nc4 59. Nc3 N2xa3 60. Nxa4 Ke6 61. Nc5+ Kd5 62. Nd7 Nd2 63. Kg2 Ke6 64. Nf8+ Kf7 65. Nd7 Nb5 66. Ne5+ Ke6 67. Kf2 Nb3 68. Nc6 N3d4 69. Na5 Kd5 70. Nb7 Nc2 71. Nd8 Nxb4 72. Nf7 Nc6 73. Nh6 Ke6 74. Ng8 Kf7 75. Nh6+ Kg6 76. Ng8 Nd6 77. Ke3 Kg7 0-1


[Site "https://www.chess.com"]

[Event "Titled Tuesday Blitz August 31 2021"]
[White "Maly, Alexey"]
[Black "Sargsyan, Anna M."]
[WhiteFideId "14103184"]
[BlackFideId "13308130"]
[WhiteElo "2250"]
[BlackElo "2263"]
[Result "1-0"]
[Round "11"]
[TimeControl "180+1"]
[Date "2021.08.31"]
[WhiteClock "0:00:07"]
[BlackClock "0:00:25"]

1. d4 d5 2. c4 c6 3. e3 Nf6 4. Bd3 c5 5. dxc5 e5 6. cxd5 Qxd5 7. e4 Qxc5 8. Be3 Qa5+ 9. Nc3 Nc6 10. Nf3 Bb4 11. O-O O-O 12. Nd5 Ng4 13. Bg5 f6 14. Bh4 Bc5 15. Rc1 Kh8 16. h3 Nh6 17. a3 Bd4 18. Nxd4 Nxd4 19. Qh5 Ng8 20. f4 exf4 21. Rxf4 Qd2 22. Rd1 Qxb2 23. e5 f5 24. Nf6 Nxf6 25. exf6 g6 26. Qh6 Ne6 27. Bc4 Rf7 28. Rd8+ Nxd8 29. Bxf7 Qc1+ 30. Kh2 Qxf4+ 31. Qxf4 Nxf7 32. Qe3 Bd7 33. Qe7 Kg8 34. Qxd7 h6 35. Qxb7 Rd8 36. Bg3 g5 37. Qxa7 f4 38. Bf2 Rd6 39. Qe7 Rd2 40. Bc5 Rd8 41. a4 Rc8 42. a5 Ra8 43. a6 1-0


[Site "https://www.chess.com"]

[Event "Titled Tuesday Blitz August 31 2021"]
[White "Martinovsky, Ian"]
[Black "Gunina, Valentina"]
[WhiteFideId "2603314"]
[BlackFideId "4167570"]
[WhiteElo "2269"]
[BlackElo "2399"]
[Result "0-1"]
[Round "11"]
[TimeControl "180+1"]
[Date "2021.08.31"]
[WhiteClock "0:01:57"]
[BlackClock "0:02:25"]

1. f4 d5 2. Nf3 c5 3. g3 Nc6 4. Bg2 Bg4 5. d3 e6 6. O-O Nf6 7. c3 d4 8. e4 dxe3 9. Bxe3 Nd5 10. Bf2 Be7 11. h3 Bh5 12. Qd2 O-O 13. Na3 a6 14. Nc4 b5 15. Ne3 Nf6 16. g4 Bg6 17. Rad1 Qc7 18. Bg3 Bd6 19. Nh4 Nd7 20. Qf2 f6 21. Nxg6 hxg6 22. h4 Rad8 23. Rde1 Ne7 24. Bh3 g5 25. h5 gxf4 26. Bxf4 Bxf4 27. Qxf4 Qxf4 28. Rxf4 Ne5 29. g5 Nxd3 30. Bxe6+ Kh8 31. Rh4 Nxe1 32. h6 Nf3+ 33. Kf2 Nxh4 0-1


[Site "https://www.chess.com"]

[Event "Titled Tuesday Blitz August 31 2021"]
[White "Materia, Marco"]
[Black "Ezat, Mohamed"]
[WhiteFideId "45150451"]
[BlackFideId "10600906"]
[WhiteElo "2657"]
[BlackElo "2414"]
[Result "1-0"]
[Round "11"]
[TimeControl "180+1"]
[Date "2021.08.31"]
[WhiteClock "0:01:34"]
[BlackClock "0:00:02"]

1. d4 Nf6 2. c4 g6 3. Nc3 Bg7 4. e4 d6 5. Nf3 O-O 6. Be2 e5 7. d5 a5 8. Bg5 Na6 9. O-O Nc5 10. Nd2 Bd7 11. b3 Qe8 12. a3 h6 13. Bh4 Nh7 14. b4 axb4 15. axb4 Na4 16. Nxa4 Bxa4 17. Qc1 Bd7 18. c5 Rxa1 19. Qxa1 f5 20. f3 g5 21. Bf2 f4 22. Nc4 Rf6 23. Qa5 Qc8 24. b5 dxc5 25. b6 cxb6 26. Nxb6 Qc7 27. Qxc5 Qxc5 28. Bxc5 Be8 29. Nc4 Ra6 30. Nd6 Ra2 31. Nxe8 Rxe2 32. Nxg7 Kxg7 33. Rb1 g4 34. Rxb7+ Kg6 35. Rb6+ Kg7 36. Bd6 gxf3 37. gxf3 Ng5 38. Bxe5+ Kg8 39. Kf1 Rc2 40. Bxf4 Nxf3 41. Rxh6 Kg7 42. Rh3 Nd2+ 43. Bxd2 Rxd2 44. Rf3 1-0


[Site "https://www.chess.com"]

[Event "Titled Tuesday Blitz August 31 2021"]
[White "Mezentsev, Ivan"]
[Black "Gabrielian, Artur"]
[WhiteFideId "13706195"]
[BlackFideId "4131002"]
[WhiteElo "2295"]
[BlackElo "2513"]
[Result "0-1"]
[Round "11"]
[TimeControl "180+1"]
[Date "2021.08.31"]
[WhiteClock "0:00:02"]
[BlackClock "0:00:08"]

1. d4 d5 2. Nf3 Nf6 3. Bf4 e6 4. e3 c5 5. Nbd2 Bd6 6. Bg3 O-O 7. c3 Qc7 8. dxc5 Qxc5 9. Bd3 Bxg3 10. hxg3 h6 11. Qe2 Nc6 12. e4 e5 13. O-O-O d4 14. Nb3 Qb6 15. cxd4 Bg4 16. dxe5 Nxe5 17. Kb1 Nxd3 18. Rxd3 Rfe8 19. Nbd2 Rad8 20. Rxd8 Rxd8 21. Rc1 Be6 22. Nc4 Qa6 23. b3 b5 24. Nce5 Qb7 25. Nc6 Re8 26. Nfd4 Bd7 27. f3 a6 28. Qc2 Nh5 29. g4 Nf4 30. g3 Ne6 31. Nf5 Bxc6 32. Qxc6 Qxc6 33. Rxc6 g6 34. Nd6 Rd8 35. e5 Nd4 36. Rc3 b4 37. Rd3 Ne2 38. f4 Nc3+ 39. Kb2 a5 40. a3 Rb8 41. axb4 axb4 42. f5 gxf5 43. gxf5 Kf8 44. f6 Ra8 45. Nc4 Ke8 46. Nd6+ Kf8 47. Nf5 h5 48. Rd4 Ra2+ 49. Kc1 Ne2+ 50. Kb1 Nxd4 51. Nxd4 Rg2 52. Nf5 Rf2 53. Nd4 Ke8 54. Kc1 Kd7 55. Kd1 Rg2 56. Nf5 Ke6 57. Ng7+ Kxe5 58. Nxh5 Rb2 59. Nf4 Kxf6 60. Nd5+ Kg5 61. Nxb4 Rxb3 62. Nc6 Rxg3 63. Ke2 f5 64. Kf2 Ra3 65. Ne5 Kf4 66. Ng6+ Ke4 67. Nh4 f4 68. Ng6 Ra2+ 69. Ke1 f3 70. Nh4 Ra6 71. Kf2 Rh6 72. Nxf3 Rf6 0-1


[Site "https://www.chess.com"]

[Event "Titled Tuesday Blitz August 31 2021"]
[White "Milchev, Nikolay"]
[Black "Erdogdu, Mert"]
[WhiteFideId "2906090"]
[BlackFideId "6301495"]
[WhiteElo "2449"]
[BlackElo "2485"]
[Result "0-1"]
[Round "11"]
[TimeControl "180+1"]
[Date "2021.08.31"]
[WhiteClock "0:01:35"]
[BlackClock "0:01:04"]

1. Nf3 d5 2. c4 e6 3. g3 c5 4. Bg2 Nf6 5. cxd5 exd5 6. d4 Nc6 7. O-O Be7 8. dxc5 Bxc5 9. a3 Ne4 10. b4 Bb6 11. Bb2 O-O 12. e3 Bg4 13. Nbd2 Qe7 14. h3 Bh5 15. g4 Bg6 16. Nb3 Rad8 17. Nbd4 h5 18. Rc1 hxg4 19. hxg4 Ne5 20. Nxe5 Qxe5 21. f4 Qe7 22. f5 Bh7 23. Qc2 Ng5 24. Qf2 Rfe8 25. Rfe1 f6 26. Qf4 Kf8 27. Kf2 Bg8 28. Rc2 Rc8 29. Rec1 Rc4 30. Bxd5 Rxc2+ 31. Rxc2 Nh3+ 32. Kg3 Nxf4 33. Bxg8 Qxe3+ 34. Nf3 Kxg8 35. Bc1 Ne2+ 0-1


[Site "https://www.chess.com"]

[Event "Titled Tuesday Blitz August 31 2021"]
[White "Mirzoev, Azer"]
[Black "Tokhirjonova, Gulrukhbegim"]
[WhiteFideId "13400304"]
[BlackFideId "14203626"]
[WhiteElo "2525"]
[BlackElo "2236"]
[Result "0-1"]
[Round "11"]
[TimeControl "180+1"]
[Date "2021.08.31"]
[WhiteClock "0:00:01"]
[BlackClock "0:00:13"]

1. d4 Nf6 2. c4 e6 3. Nc3 Bb4 4. Qc2 b6 5. a3 Bxc3+ 6. Qxc3 Bb7 7. Bg5 h6 8. Bh4 g5 9. Bg3 Ne4 10. Qc2 f5 11. f3 Nxg3 12. hxg3 d6 13. O-O-O Nd7 14. e3 Qe7 15. Ne2 O-O-O 16. Nc3 Kb8 17. Kb1 h5 18. e4 fxe4 19. Nxe4 Rdf8 20. Bd3 g4 21. f4 h4 22. Qf2 e5 23. dxe5 Nxe5 24. Bc2 Nxc4 25. Rhe1 Qg7 26. Bb3 hxg3 27. Nxg3 Rxf4 28. Qc2 Ne5 29. Ka2 Rhf8 30. Rd2 a5 31. Rc1 Qd7 32. Ka1 a4 33. Ba2 Qc6 34. Qd1 Qb5 35. Qc2 Ka7 36. Rcd1 Nc4 37. Re2 d5 38. Rde1 Qc5 39. Qxa4+ Qa5 40. Qd1 Rf2 41. Bxc4 dxc4 42. Qd4 Rxe2 43. Rxe2 Qb5 44. Qc3 Rd8 45. Rd2 Rd3 46. Rxd3 cxd3 47. Nf1 Qd5 48. g3 Qf3 49. Nd2 Qd1+ 50. Ka2 Bd5+ 51. b3 Kb7 52. Kb2 Qe2 53. a4 Bc6 54. a5 bxa5 55. Qxa5 Kc8 56. Qc3 Kd7 57. Qd4+ Ke7 58. Qf4 Bd7 59. Qg5+ Kd6 60. Qf4+ Qe5+ 61. Qxe5+ Kxe5 62. Kc3 Bf5 63. b4 Kd5 64. Nc4 Ke4 65. b5 Kf3 66. b6 cxb6 67. Nxb6 Kxg3 68. Nd5 Kf2 69. Nf4 g3 70. Kd2 g2 71. Nxg2 Kxg2 72. Ke3 Kf1 73. Kd2 Kf2 74. Kd1 Ke3 0-1


[Site "https://www.chess.com"]

[Event "Titled Tuesday Blitz August 31 2021"]
[White "Mokshanov, Alexey"]
[Black "Kuzubov, Yuriy"]
[WhiteFideId "24121657"]
[BlackFideId "14112906"]
[WhiteElo "2262"]
[BlackElo "2564"]
[Result "0-1"]
[Round "11"]
[TimeControl "180+1"]
[Date "2021.08.31"]
[WhiteClock "0:00:18"]
[BlackClock "0:00:30"]

1. e4 c6 2. d4 d5 3. e5 Bf5 4. h4 h6 5. g4 Bd7 6. Be3 e6 7. f4 Qc7 8. Nf3 c5 9. h5 Nc6 10. c3 f6 11. Bd3 O-O-O 12. Na3 a6 13. Nc2 Nge7 14. Nh4 Kb8 15. Qd2 Rc8 16. O-O Ka8 17. Rac1 Rg8 18. Bh7 Rh8 19. Bd3 c4 20. Be2 Rg8 21. Kh1 Be8 22. Rg1 fxe5 23. fxe5 g5 24. Nf3 Bf7 25. Rgf1 Rg7 26. Rcd1 Bg8 27. Nce1 Bh7 28. Ng2 Qa5 29. Ra1 Qb6 30. Bd1 Re8 31. b4 cxb3 32. axb3 Nc8 33. Bc2 Bxc2 34. Qxc2 Qc7 35. Qe2 Kb8 36. Nge1 Rf7 37. Nd3 Nb6 38. Nd2 Rxf1+ 39. Rxf1 Na5 40. Qf3 Qxc3 41. Qf7 Rc8 42. Nc5 Qxe3 0-1


[Site "https://www.chess.com"]

[Event "Titled Tuesday Blitz August 31 2021"]
[White "Moroni, Luca Jr"]
[Black "Hansen, Eric"]
[WhiteFideId "865834"]
[BlackFideId "2606771"]
[WhiteElo "2491"]
[BlackElo "2568"]
[Result "1-0"]
[Round "11"]
[TimeControl "180+1"]
[Date "2021.08.31"]
[WhiteClock "0:00:03"]
[BlackClock "0:00:03"]

1. d4 Nf6 2. c4 e6 3. Nc3 Bb4 4. Nf3 O-O 5. Bg5 h6 6. Bh4 c5 7. Rc1 cxd4 8. Nxd4 d5 9. cxd5 Qxd5 10. Bxf6 gxf6 11. e3 Nc6 12. Qg4+ Kh7 13. Nxc6 Bxc3+ 14. Rxc3 bxc6 15. Bc4 Qe5 16. Qg3 Qa5 17. O-O Rg8 18. Qf4 Rg6 19. Be2 Kg7 20. h4 Ba6 21. Ra3 Qxa3 22. bxa3 Bxe2 23. Re1 Ba6 24. Rd1 c5 25. Qc7 Be2 26. Rd7 Rf8 27. Kh2 c4 28. f3 Bd3 29. g4 h5 30. gxh5 Rh6 31. Qg3+ Kh7 32. Qd6 Kg7 33. Qxe6 Rxh5 34. Qg4+ Bg6 35. Qxc4 Rfh8 36. Kg3 Re5 37. e4 Reh5 38. Rxa7 Rxh4 39. Qd4 Rh3+ 40. Kf2 Rh2+ 41. Ke3 Re8 42. Ra6 Rxa2 43. Rxf6 Rxa3+ 44. Kf4 Kg8 45. Rxg6+ fxg6 46. Qd6 Ra7 47. Qxg6+ Kf8 48. Qh6+ Kg8 49. e5 Rh7 50. Qg6+ Kh8 51. Qxe8+ Kg7 52. Qe7+ Kg6 53. Qxh7+ Kxh7 54. Kf5 1-0


[Site "https://www.chess.com"]

[Event "Titled Tuesday Blitz August 31 2021"]
[White "Mukhutdinov, Tigran"]
[Black "Tomiello, Mateus Costamilan"]
[WhiteFideId "34108570"]
[BlackFideId "22701958"]
[WhiteElo "2154"]
[BlackElo "1975"]
[Result "1-0"]
[Round "11"]
[TimeControl "180+1"]
[Date "2021.08.31"]
[WhiteClock "0:01:28"]
[BlackClock "0:00:07"]

1. Nf3 d5 2. g3 Nf6 3. Bg2 Bg4 4. c4 c6 5. Ne5 Be6 6. cxd5 Bxd5 7. Nf3 e5 8. Nc3 Nbd7 9. Nxd5 cxd5 10. O-O Bd6 11. d4 e4 12. Nh4 O-O 13. Nf5 Bc7 14. Qb3 Nb6 15. Bg5 Re8 16. Ne3 Re6 17. Rac1 h6 18. Bxf6 Rxf6 19. Rc5 Bd6 20. Nxd5 Re6 21. Nxb6 Qxb6 22. Qxb6 axb6 23. Rb5 Rxa2 24. Rxb6 e3 25. Bd5 exf2+ 26. Kg2 Ra4 27. Bxe6 Rxd4 28. Bg4 g6 29. Bf3 Rd2 30. Rxb7 Bc5 31. b4 Bd4 32. b5 Kg7 33. Rd7 Kf6 34. Rxf2 Ke6 35. Rxd4 Rxd4 36. Rf1 Rb4 37. Bc6 f5 38. Kf2 Ke5 39. Rd1 g5 40. Rd5+ Ke6 41. Rd8 Ke5 42. Re8+ Kf6 43. Rb8 f4 44. gxf4 Rxf4+ 45. Ke1 Rb4 46. b6 Ke7 47. b7 Kd6 48. Bf3 Kc7 49. Rc8+ 1-0


[Site "https://www.chess.com"]

[Event "Titled Tuesday Blitz August 31 2021"]
[White "Nastore, Pavel-Alexandru"]
[Black "Janaszak, Dawid"]
[WhiteFideId "1255002"]
[BlackFideId "1119206"]
[WhiteElo "1763"]
[BlackElo "2332"]
[Result "0-1"]
[Round "11"]
[TimeControl "180+1"]
[Date "2021.08.31"]
[WhiteClock "0:01:19"]
[BlackClock "0:01:59"]

1. e4 c6 2. d4 d5 3. e5 Bf5 4. Nf3 e6 5. Be2 c5 6. Be3 Nd7 7. O-O Ne7 8. c3 Nc6 9. Nbd2 Be7 10. Re1 O-O 11. Bf1 c4 12. a4 a6 13. b4 cxb3 14. Nxb3 Rc8 15. c4 Nb4 16. Rc1 dxc4 17. Bxc4 Bc2 18. Qe2 Nb6 19. Na5 Nxc4 20. Nxc4 Bd3 21. Qb2 Bxc4 0-1


[Site "https://www.chess.com"]

[Event "Titled Tuesday Blitz August 31 2021"]
[White "Novikova, Galina"]
[Black "Eswaran, Ashritha"]
[WhiteFideId "4157095"]
[BlackFideId "2080788"]
[WhiteElo "1907"]
[BlackElo "2451"]
[Result "1-0"]
[Round "11"]
[TimeControl "180+1"]
[Date "2021.08.31"]
[WhiteClock "0:02:21"]
[BlackClock "0:01:48"]

1. e4 c5 2. Nf3 d6 3. d4 cxd4 4. Nxd4 Nf6 5. Nc3 g6 6. Be3 Bg7 7. f3 Nc6 8. Qd2 O-O 9. g4 Be6 10. h4 Rc8 11. h5 Nxd4 12. Bxd4 Bc4 13. hxg6 fxg6 14. g5 Nh5 15. Bxg7 Nxg7 16. Bxc4+ e6 17. Bb3 Rxf3 18. O-O-O Rc6 19. Qh2 Qxg5+ 20. Kb1 h5 21. Rxd6 Rxd6 22. Qxd6 Qg2 23. Bxe6+ Kh7 24. Rd1 Rf6 25. Bg8+ Kxg8 26. Qxf6 1-0


[Site "https://www.chess.com"]

[Event "Titled Tuesday Blitz August 31 2021"]
[White "Nozdrachev, Leonid"]
[Black "Prydun, Andriy"]
[WhiteFideId "24113433"]
[BlackFideId "14145898"]
[WhiteElo "2240"]
[BlackElo "2047"]
[Result "1-0"]
[Round "11"]
[TimeControl "180+1"]
[Date "2021.08.31"]
[WhiteClock "0:02:42"]
[BlackClock "0:01:38"]

1. e4 e6 2. Nf3 d5 3. e5 Ne7 4. d4 c5 5. c3 Nbc6 6. Bd3 Qb6 7. O-O Bd7 8. Na3 cxd4 9. cxd4 Nxd4 10. Nxd4 Qxd4 11. Nb5 Qxe5 12. Qf3 g5 13. Bxg5 Qxg5 14. Nd6+ 1-0


[Site "https://www.chess.com"]

[Event "Titled Tuesday Blitz August 31 2021"]
[White "Ovchinnikov, Vsevolod"]
[Black "Lopez Gracia, Fernando"]
[WhiteFideId "24176842"]
[BlackFideId "2207184"]
[WhiteElo "2376"]
[BlackElo "2397"]
[Result "1-0"]
[Round "11"]
[TimeControl "180+1"]
[Date "2021.08.31"]
[WhiteClock "0:01:32"]
[BlackClock "0:00:47"]

1. d4 Nf6 2. c4 e6 3. g3 c5 4. d5 d6 5. Nc3 exd5 6. cxd5 g6 7. Nf3 Bg7 8. Bg2 O-O 9. O-O Re8 10. Bf4 Qd7 11. Nd2 b5 12. a4 b4 13. Nb5 Ba6 14. Re1 Bf8 15. Nc4 Bxb5 16. axb5 Ne4 17. Nb6 Qb7 18. Nxa8 Qxa8 19. f3 Nf6 20. e4 Nbd7 21. Qa4 Qb7 22. Bf1 Nb6 23. Qxa7 Qxa7 24. Rxa7 Nbxd5 25. Bd2 Nb6 26. Rb7 Na4 27. b3 Nc3 28. Bc4 d5 29. exd5 Rxe1+ 30. Bxe1 Nfxd5 31. b6 Bg7 32. Rb8+ 1-0


[Site "https://www.chess.com"]

[Event "Titled Tuesday Blitz August 31 2021"]
[White "Pap, Gyula"]
[Black "Gabdushev, Ruslan"]
[WhiteFideId "725323"]
[BlackFideId "4137833"]
[WhiteElo "2553"]
[BlackElo "2312"]
[Result "0-1"]
[Round "11"]
[TimeControl "180+1"]
[Date "2021.08.31"]
[WhiteClock "0:01:01"]
[BlackClock "0:00:05"]

1. e4 Nc6 2. Nf3 d6 3. d4 Bg4 4. d5 Nb8 5. Nbd2 Nf6 6. Bd3 c6 7. h3 Bxf3 8. Nxf3 Nbd7 9. c4 g6 10. O-O Bg7 11. Re1 O-O 12. Be3 Ne8 13. Qd2 a5 14. Rab1 a4 15. b4 axb3 16. axb3 Qa5 17. b4 Qa2 18. dxc6 bxc6 19. b5 c5 20. Qxa2 Rxa2 21. b6 Bc3 22. Re2 Rxe2 23. Bxe2 Bb4 24. e5 dxe5 25. Rxb4 cxb4 26. c5 b3 27. c6 b2 28. Nd2 Nxb6 29. Bxb6 Nd6 30. c7 Ra8 31. Kh2 Ra1 32. Bc5 Nc8 33. Bg4 e6 34. Bf3 Rc1 35. Ba3 Rxc7 36. Bxb2 Rc2 37. Bxe5 Rxd2 38. Kg3 Ne7 39. Bf4 Ra2 40. Be4 Nf5+ 41. Kf3 Ra3+ 42. Ke2 Nd4+ 43. Kd2 f6 44. Bd6 Ra2+ 45. Kd3 Nf5 46. Bc5 Kf7 47. g4 Ne7 48. Be3 f5 49. Bf3 e5 50. Bd1 Ra3+ 51. Ke2 f4 52. Bc5 Rxh3 53. f3 Rh2+ 54. Kd3 Ke6 55. Bb3+ Kd7 56. Ke4 Re2+ 57. Kd3 Re1 58. Ba4+ Ke6 59. Bb4 Re3+ 60. Kd2 Nd5 61. Bc5 Rxf3 62. Bb5 e4 63. Ke1 Rb3 64. Bc4 Rc3 65. Bd4 Rxc4 66. Bf2 e3 67. g5 Ke5 68. Bg3 Ke4 69. Kf1 Kf3 70. Kg1 Rc1+ 71. Kh2 fxg3+ 72. Kh3 Rh1# 0-1


[Site "https://www.chess.com"]

[Event "Titled Tuesday Blitz August 31 2021"]
[White "Petriashvili, Nikoloz"]
[Black "Grachev, Boris"]
[WhiteFideId "13611216"]
[BlackFideId "4129199"]
[WhiteElo "2430"]
[BlackElo "2580"]
[Result "1/2-1/2"]
[Round "11"]
[TimeControl "180+1"]
[Date "2021.08.31"]
[WhiteClock "0:00:17"]
[BlackClock "0:00:08"]

1. e4 c5 2. Nf3 e6 3. b3 b6 4. Bb2 Bb7 5. Nc3 Nc6 6. Bc4 a6 7. O-O b5 8. Be2 Nf6 9. d3 Bd6 10. Re1 Qc7 11. Bf1 Ne5 12. g3 O-O 13. Bg2 Nxf3+ 14. Bxf3 Be5 15. Bg2 Rae8 16. Qd2 h6 17. Nd1 Bxb2 18. Nxb2 d5 19. Qe2 e5 20. exd5 Bxd5 21. Nd1 Bxg2 22. Kxg2 e4 23. Ne3 Re6 24. Rad1 exd3 25. Qxd3 Rfe8 26. c4 Qb7+ 27. Kg1 Ng4 28. Qd5 Qe7 29. Ng2 Qf6 30. Qd2 Ne5 31. Re3 Nf3+ 32. Rxf3 Qxf3 33. Ne3 bxc4 34. bxc4 h5 35. Qd5 Rxe3 36. fxe3 Qxe3+ 37. Kh1 g6 38. Rf1 Qe4+ 39. Qxe4 Rxe4 40. Rf6 Re1+ 41. Kg2 Re2+ 42. Kg1 Re6 43. Rf2 Kg7 44. Rb2 Re1+ 45. Kf2 Rc1 46. Rb6 Rc2+ 47. Kg1 Rxa2 48. Rc6 Ra5 49. h4 Kf8 50. Rc7 Ke8 51. Kg2 Ra2+ 52. Kf3 Ra5 53. Ke4 Ra3 54. Kf4 a5 55. Rxc5 Kd7 56. Rb5 Ra4 57. Rc5 Kd6 58. Rc8 Rb4 59. Kg5 Kd7 60. Ra8 Rxc4 61. Rxa5 Rg4+ 62. Kf6 Rxg3 63. Kxf7 Rg4 64. Ra6 Rxh4 65. Kxg6 Rh1 66. Ra7+ Ke6 67. Ra6+ Ke5 68. Ra5+ Ke4 69. Ra4+ Kf3 70. Kg5 h4 71. Ra3+ Ke4 72. Kg4 Rg1+ 73. Kh3 Rh1+ 74. Kg2 Rd1 75. Ra4+ Ke3 76. Ra8 Rd2+ 77. Kh3 Rd4 78. Re8+ Kf3 79. Rf8+ Rf4 80. Re8 Re4 81. Rf8+ Ke2 82. Ra8 Re3+ 83. Kg2 h3+ 84. Kh2 Kd3 85. Rd8+ Ke4 86. Re8+ Kf4 87. Rf8+ Kg4 88. Rg8+ Kh4 89. Rh8+ Kg4 90. Rg8+ Kf5 91. Rf8+ Kg6 92. Rh8 Kg5 93. Rxh3 Re2+ 94. Kg1 Kg4 95. Rd3 Re4 96. Kg2 Re2+ 97. Kf1 Re4 98. Kf2 Rf4+ 99. Kg2 Re4 100. Rd2 Kf4 101. Kf2 Kf5 102. Kf3 Rf4+ 103. Kg3 Rg4+ 104. Kh3 Re4 105. Rd8 Kf4 106. Rf8+ Ke3 107. Kg3 Re7 108. Rf3+ Ke4 109. Rf1 Rg7+ 110. Kh4 Ke3 111. Rf6 Ke4 112. Kh5 Ke5 113. Rg6 Rxg6 114. Kxg6 1/2-1/2


[Site "https://www.chess.com"]

[Event "Titled Tuesday Blitz August 31 2021"]
[White "Pichot, Alan"]
[Black "Zhigalko, Sergei"]
[WhiteFideId "110973"]
[BlackFideId "13502956"]
[WhiteElo "2622"]
[BlackElo "2662"]
[Result "1/2-1/2"]
[Round "11"]
[TimeControl "180+1"]
[Date "2021.08.31"]
[WhiteClock "0:01:19"]
[BlackClock "0:00:08"]

1. e4 c5 2. Nf3 Nc6 3. d4 cxd4 4. Nxd4 Nf6 5. Nc3 e5 6. Ndb5 d6 7. Nd5 Nxd5 8. exd5 Nb8 9. c4 Be7 10. Bd3 a6 11. Nc3 O-O 12. O-O f5 13. f3 Nd7 14. a3 g5 15. b4 e4 16. fxe4 f4 17. Bb2 Bf6 18. Qd2 Ne5 19. Ne2 f3 20. gxf3 Bh3 21. Ng3 Nxd3 22. Bxf6 Qxf6 23. Qxd3 Qb2 24. Qe2 Qxe2 25. Nxe2 Bxf1 26. Rxf1 Rac8 27. c5 dxc5 28. bxc5 Rxc5 29. Nd4 Rc3 30. Rd1 Rd8 31. Ne6 Rd6 32. Kg2 Rxa3 33. e5 Rxe6 34. dxe6 Kf8 35. Rd7 Re3 36. Rxb7 Rxe5 37. Rxh7 Rxe6 38. Ra7 Rf6 39. Kg3 Kg8 40. Kg4 Rf4+ 41. Kg3 Rf6 42. h3 Rf5 43. Rxa6 Kg7 44. Rb6 Kf7 45. Rb4 Kg7 46. Kg4 Rf7 47. Rb3 Kg6 48. Rb6+ Kg7 49. Kg3 Rf5 50. Rb4 Kg6 51. Re4 Rf6 52. Kg4 Rf7 53. Re3 Rf4+ 54. Kg3 Rf6 55. Re2 Kg7 56. Rg2 Kg6 57. Kf2 Kh5 58. Rg4 Ra6 59. Re4 Ra2+ 60. Kg3 Ra5 61. Re8 Kg6 62. Rg8+ Kf5 63. Rb8 Kg6 64. Rb6+ Kh5 65. Rb1 Rc5 66. Rg1 Rb5 67. Rg2 Rc5 68. Re2 Rb5 69. Re8 Rc5 70. Kf2 Rc2+ 71. Ke3 Ra2 72. Ke4 Ra4+ 73. Ke3 Ra3+ 74. Kf2 Ra2+ 75. Kg3 Ra5 76. Rh8+ Kg6 77. Rg8+ Kh5 78. Rd8 Rb5 79. Rh8+ Kg6 80. h4 gxh4+ 81. Rxh4 Kg5 82. Rg4+ Kf6 83. Rc4 Ra5 84. Rc6+ Kf5 85. Rc4 Rb5 86. Rg4 Ra5 87. Rf4+ Kg5 88. Rg4+ Kf5 89. Rh4 Kg5 90. f4+ Kg6 91. Kg4 Rb5 92. Rh8 Ra5 93. Rb8 Kf6 94. Rb6+ Kf7 95. Rd6 Rb5 96. Rc6 Ra5 97. Rb6 Rd5 98. Rb4 Rc5 99. Re4 Kf6 100. Re5 Rxe5 101. fxe5+ Kxe5 1/2-1/2


[Site "https://www.chess.com"]

[Event "Titled Tuesday Blitz August 31 2021"]
[White "Polivanov, Anatoliy"]
[Black "Leenhouts, Koen"]
[WhiteFideId "14109468"]
[BlackFideId "1008439"]
[WhiteElo "2472"]
[BlackElo "2409"]
[Result "1/2-1/2"]
[Round "11"]
[TimeControl "180+1"]
[Date "2021.08.31"]
[WhiteClock "0:00:07"]
[BlackClock "0:00:14"]

1. d4 d5 2. Bg5 Nd7 3. c4 dxc4 4. e4 Nb6 5. Nc3 h6 6. Bh4 Nf6 7. Nf3 Bg4 8. Be2 e6 9. e5 g5 10. Nxg5 Bxe2 11. Qxe2 hxg5 12. Bxg5 Be7 13. exf6 Bxf6 14. Be3 Bxd4 15. O-O-O Bxe3+ 16. Qxe3 Qe7 17. h4 Rd8 18. Rxd8+ Kxd8 19. h5 Nd5 20. Qe5 Qf6 21. Qxf6+ Nxf6 22. h6 Ng4 23. h7 Nf6 24. Rh6 Ke7 25. Nb5 c6 26. Nxa7 Rxh7 27. Nc8+ Kd8 28. Rxh7 Nxh7 29. Nd6 b5 30. Nxf7+ Ke7 31. Ne5 Kd6 32. f4 Kd5 33. g4 Ke4 34. g5 Kxf4 35. g6 Nf6 36. Nxc6 e5 37. Kd2 Kf5 38. g7 Kg6 39. Nxe5+ Kxg7 40. Kc3 Nd5+ 41. Kd4 Nb4 42. a3 Nc2+ 43. Kc5 c3 44. bxc3 Nxa3 45. Nc6 Nb1 46. Kxb5 Nxc3+ 1/2-1/2


[Site "https://www.chess.com"]

[Event "Titled Tuesday Blitz August 31 2021"]
[White "Ponikarovsky, Alexey"]
[Black "Aldokhin, Ivan"]
[WhiteFideId "4122887"]
[BlackFideId "24115720"]
[WhiteElo "1944"]
[BlackElo "2306"]
[Result "0-1"]
[Round "11"]
[TimeControl "180+1"]
[Date "2021.08.31"]
[WhiteClock "0:00:20"]
[BlackClock "0:00:09"]

1. e4 c5 2. d4 cxd4 3. Nf3 e6 4. Bc4 Nc6 5. O-O Nf6 6. Qe2 d6 7. Rd1 Be7 8. c3 d5 9. exd5 exd5 10. Bb3 O-O 11. cxd4 Bg4 12. Be3 Re8 13. Nc3 Na5 14. Ba4 Rf8 15. h3 Bf5 16. Bf4 Nc4 17. Rac1 Nd6 18. Ne5 Nde4 19. Nxe4 Nxe4 20. Qb5 Bh4 21. Be3 Be6 22. Nf3 Be7 23. Bb3 Nd6 24. Qe2 Nc4 25. Bxc4 dxc4 26. d5 Bxd5 27. Ne5 Qa5 28. Nxc4 Bxc4 29. Qxc4 Bf6 30. Qb3 b6 31. Rd5 Qa6 32. Rcd1 Rad8 33. g4 Rxd5 34. Rxd5 h6 35. a3 Qb7 36. Rf5 Rd8 37. Bxh6 Qe4 38. Be3 Rd3 39. Qc2 Rxe3 40. Qc8+ Qe8 41. Qxe8+ Rxe8 42. b4 Re4 43. Kg2 Bb2 44. Rd5 Bxa3 45. Rd8+ Kh7 46. Rd7 Bxb4 47. Rxa7 Kg6 48. h4 Bc5 49. f3 Re2+ 50. Kg3 Bf2+ 51. Kh3 Bc5 52. Kg3 Bd6+ 53. f4 Re3+ 54. Kf2 Bxf4 55. Rb7 Ra3 56. Rxb6+ Kh7 57. Rb4 Bd6 58. Rb5 Be7 59. Re5 Bxh4+ 60. Kg2 Bf6 0-1


[Site "https://www.chess.com"]

[Event "Titled Tuesday Blitz August 31 2021"]
[White "Popadic, Dragan"]
[Black "Seul, Georg"]
[WhiteFideId "913650"]
[BlackFideId "4601653"]
[WhiteElo "2207"]
[BlackElo "2332"]
[Result "0-1"]
[Round "11"]
[TimeControl "180+1"]
[Date "2021.08.31"]
[WhiteClock "0:00:12"]
[BlackClock "0:00:22"]

1. e4 e5 2. d4 exd4 3. Qxd4 Nc6 4. Qe3 Nf6 5. Nc3 Be7 6. Bd2 O-O 7. Bc4 Ng4 8. Qe2 d5 9. Nxd5 Bc5 10. Nh3 Nd4 11. Qd3 c6 12. Ne3 Ne5 13. Qc3 Bxh3 14. gxh3 Ndf3+ 15. Ke2 Bd4 16. Qa3 Nxd2 17. Rad1 Bxe3 18. Qxe3 Ndxc4 19. Rxd8 Nxe3 20. Rxf8+ Kxf8 21. Kxe3 Rd8 22. b3 Ke7 23. f4 Nd7 24. Rg1 g6 25. h4 Nf6 26. a4 a5 27. c3 Ke6 28. Rb1 Ng4+ 29. Ke2 Nxh2 30. b4 axb4 31. Rxb4 Rd7 32. a5 h5 33. Rb6 Kd6 34. a6 bxa6 35. Rxa6 Ng4 36. Ra5 Rb7 37. Kd3 Re7 38. Ra4 Nf2+ 39. Ke3 Nd1+ 40. Kd2 Nf2 41. Ke3 Ng4+ 42. Kd3 Rb7 43. Ra6 Kc5 44. Ra5+ Kd6 45. Ra6 Nh6 46. Ra5 Ng8 47. Ra8 Ne7 48. Rd8+ Ke6 49. Re8 Kf6 50. Rd8 Rb1 51. Rd6+ Kg7 52. Kc2 Rh1 53. f5 gxf5 54. exf5 Rf1 55. c4 Rxf5 56. Rd7 Kf6 57. Kc3 Re5 58. Kb4 Re6 59. Kc5 Nf5 60. Rd1 Nxh4 61. Rf1+ Kg6 62. Rg1+ Kh6 63. Rf1 f5 64. Rd1 Ng6 65. Rd6 Rxd6 66. Kxd6 f4 67. Kxc6 Ne5+ 68. Kd6 Nxc4+ 0-1


[Site "https://www.chess.com"]